 Dungeon Crawl Stone Soup version 0.24-a0-813-g0f74319 (webtiles) character file.

Game seed: 6724916880634699665, levelgen mode: deterministic

36921 KarmaPolice the Covert (level 13, -5/72 HPs)
             Began as a Vine Stalker Assassin on Oct 12, 2019.
             Was a High Priest of Wu Jian.
             Slain by a five-headed hydra (12 damage)
             ... on level 5 of the Lair of Beasts.
             The game lasted 02:42:04 (24326 turns).

KarmaPolice the Covert (Vine Stalker Assassin)     Turns: 24326, Time: 02:42:05

Health: -5/72      AC: 10    Str: 17    XL:     13   Next: 93%
Magic:  0/21       EV: 11    Int: 11    God:    Wu Jian [*****.]
Gold:   1034       SH:  0    Dex: 18    Spells: 12/12 levels left

rFire    . . .     SeeInvis .   E - +0 scimitar (flame)
rCold    . . .     Gourm    .   (no shield)
rNeg     . . .     Faith    .   J - +0 troll leather armour
rPois    .         Spirit   +   (no helmet)
rElec    .         Reflect  .   c - +0 cloak
rCorr    .         Harm     .   l - +1 pair of gloves
MR       +....                  o - +0 pair of boots
Stlth    +++++.....             (no amulet)
HPRegen  1.42/turn              y - ring of fire
MPRegen  0.17/turn              V - ring of ice

@: serpent's lash
A: fangs 3, regeneration 2, magic shield, antimagic bite, no potion heal 3, rot
immunity
a: Wall Jump, Serpent's Lash, Heavenly Storm, Renounce Religion


You were on level 5 of the Lair of Beasts.
You worshipped Wu Jian.
Wu Jian was extremely pleased with you.
You were not hungry.

You visited 4 branches of the dungeon, and saw 19 of its levels.

You collected 1591 gold pieces.
You spent 557 gold pieces at shops.

Inventory:

Hand Weapons
 b - a +1 dagger of venom
 C - a +2 vampiric demon blade
 E - a +0 scimitar of flaming (weapon)
Missiles
 a - 5 javelins
 t - 2 curare-tipped darts
 w - a poisoned dart
 D - 169 stones
 G - 35 boomerangs (quivered)
Armour
 c - a +0 cloak (worn)
 l - a +1 pair of gloves (worn)
 o - a +0 pair of boots (worn)
 I - a +2 robe of magic resistance
 J - a +0 troll leather armour (worn)
 L - a +2 chain mail of magic resistance
 U - the +2 robe of Ashenzari {rElec rPois, unknown}
   (You found it on level 1 of the Lair of Beasts)

   It insulates you from electricity.
   It protects you from poison.
Jewellery
 y - a ring of fire (left hand)
 A - an uncursed amulet of regeneration {unknown}
 B - an uncursed amulet of the gourmand {unknown}
 S - an uncursed amulet of guardian spirit {unknown}
 V - a ring of ice (right hand)
Wands
 h - a wand of enslavement (7)
 z - a wand of flame (8)
 P - a wand of digging (12)
 R - a wand of polymorph (18)
 T - a wand of paralysis (5)
 X - a wand of disintegration (2)
Scrolls
 g - 11 scrolls of remove curse
 i - a scroll of vulnerability {unknown}
 n - 2 scrolls of enchant armour
 q - 3 scrolls of noise
 s - 2 scrolls of immolation {unknown}
 v - a scroll of fear
 x - a scroll of amnesia
 F - 3 scrolls of teleportation
 N - a scroll of enchant weapon {unknown}
 O - 2 scrolls of identify
 Y - a scroll of holy word {unknown}
 Z - a scroll of summoning {unknown}
Potions
 d - 4 potions of berserk rage
 e - 8 potions of curing
 j - 5 potions of flight
 k - 3 potions of degeneration {unknown}
 m - 2 potions of haste {unknown}
 p - 4 potions of lignification
 u - a potion of invisibility {unknown}
 H - a potion of agility {unknown}
 K - 2 potions of cancellation {unknown}
 M - a potion of might {unknown}
 Q - a potion of brilliance
 W - a potion of ambrosia {unknown}
Comestibles
 f - 24 rations
 r - 7 chunks of flesh


   Skills:
 + Level 10.4 Fighting
 - Level 3.0(6.0) Short Blades
 - Level 8.2(8.5) Long Blades
 + Level 8.6 Throwing
 + Level 6.6 Armour
 - Level 0.7 Dodging
 - Level 12.3 Stealth
 + Level 10.3 Evocations


You had 12 spell levels left.
You didn't know any spells.
Your spell library contained the following spells:

 Spells                   Type           Power        Failure   Level  Hunger
 Magic Dart               Conj           #...         38%         1    ##.....
 Searing Ray              Conj           #.....       54%         2    ###....
 Dazzling Spray           Conj/Hex       #.....       77%         3    ####...
 Recall                   Summ/Tloc      N/A          77%         3    ####...
 Animate Dead             Necr           N/A          99%         4    #####..
 Force Lance              Conj/Tloc      #.......     99%         4    #####..
 Fulminant Prism          Conj/Hex       #.........   99%         4    #####..
 Iskenderun's Mystic Bla  Conj           #.......     99%         4    #####..
 Bolt of Magma            Conj/Fire/Erth #.........   100%        5    ######.
 Borgnjor's Vile Clutch   Necr/Erth      #.........   100%        5    ######.
 Iskenderun's Battlesphe  Conj/Chrm      #.......     100%        5    ######.
 Venom Bolt               Conj/Pois      #.........   100%        5    ######.
 Death Channel            Necr           #.........   100%        6    #######
 Iron Shot                Conj/Erth      #.........   100%        6    #######
 Simulacrum               Ice/Necr       #.........   100%        6    #######
 Orb of Destruction       Conj           #.........   100%        7    #######
 Spellforged Servitor     Conj/Summ      #.........   100%        7    #######


Dungeon Overview and Level Annotations

Branches:
Dungeon (11/15)            Temple (1/1) D:7            Lair (5/6) D:11
 Shoals (0/4) Lair:2       Spider (0/4) Lair:2          Orc (2/2) D:9
    Elf (0/3) Orc:2
  Slime: Lair:5-6

Altars:
Ashenzari
Cheibriados
Dithmenos
Elyvilon
Fedhas
Gozag
Hepliaklqana
Kikubaaqudgha
Makhleb
Nemelex Xobeh
Okawaru
Qazlal
Ru
Sif Muna
Trog
Uskayaw
Vehumet
Wu Jian
Xom
Yredelemnul
Zin
The Shining One
Beogh

Shops:
Orc:1 (   Orc:2 =*![

Annotations:
Lair:1 Gastronok
Lair:3 Rupert
Lair:5 exclusion: oklob plant
Orc:2 exclusion: upstairs


Innate Abilities, Weirdness & Mutations

You have razor-sharp teeth.
You heal very quickly.
When hurt, damage is shared between your health and your magic reserves.
Your bite disrupts and absorbs the magic of your enemies.
Potions cannot restore your health.
You are immune to rotting.


Message History

You drain its power.
You feel invigorated.
The five-headed hydra is severely wounded.
The five-headed hydra barely misses you.
The five-headed hydra bites you. The five-headed hydra bites you!
The five-headed hydra bites you but does no damage.
The five-headed hydra closely misses you.
You barely miss the five-headed hydra.
The five-headed hydra is severely wounded.
The five-headed hydra bites you. The five-headed hydra bites you! x2
* * * LOW HITPOINT WARNING * * *
The five-headed hydra bites you but does no damage.
The five-headed hydra bites you.
* * * LOW HITPOINT WARNING * * *
Your muscles tense, ready for explosive movement...
You barely miss the five-headed hydra.
The five-headed hydra is severely wounded.
The five-headed hydra bites you!
* * * LOW HITPOINT WARNING * * *
The five-headed hydra bites you!
You die...

..#.............≈≈≈≈≈....#+...
..............#.≈≈≈.≈≈≈.#.....
##÷.............≈...≈≈..+.8. #
#....P...P..#...≈...≈...... .#
#.........#.#..≈≈≈≈≈≈...### .. .
.....#..÷....#≈≈≈.≈.≈≈....#.#....
.......#...####..≈....##.....k..8
.....##.....P##.#D.#####.........
..P##.##........@##.# #.....h8..
.######........P##### ##........
## ##P.......# ..P.#...8
##......### .#....... #.........#
# ##...## ######..#.# ..## ##...#
#....# #.......#


You could see a five-headed hydra.

Vanquished Creatures
  Harold (Lair:1)
  A hydra (Lair:2)
  A catoblepas (Lair:5)
  Erica (D:8)
  2 two-headed ogres
  Urug (D:10)
  Nergalle (D:10)
  Pikel (D:4)
  A wolf spider (Lair:2)
  9 orc knights
  2 cyclopes
  Maurice (D:8)
  4 elephants (Lair:4)
  2 black mambas
  Joseph (D:8)
  5 spiny frogs
  5 komodo dragons
  A rime drake (Lair:4)
  A merfolk (Lair:2)
  A jumping spider (Lair:2)
  A hornet (D:9)
  5 trolls
  Grinder (D:3)
  4 wargs
  13 dream sheep (Lair:4)
  6 hippogriffs
  A redback (Lair:2)
  A vampire (D:10)
  Sigmund (D:6)
  16 yaks
  A human (D:8)
  A basilisk (Lair:1)
  A soldier ant (D:10)
  5 water moccasins
  An ice beast (D:11)
  15 porcupines
  41 orc warriors
  2 black bears
  2 hornet zombies
  3 sky beasts
  2 necrophages
  4 slaves (D:5)
  2 phantoms
  4 ogres
  4 wolves (Lair:4)
  2 centaurs
  5 crocodiles
  A big kobold (D:7)
  Blork the orc (D:5)
  8 bullfrogs
  3 scorpions
  3 killer bees (D:9)
  10 wights
  7 crimson imps
  5 hounds
  A jelly (D:8)
  A gnoll shaman (D:9)
  A bullfrog skeleton (D:7)
  20 orc priests
  17 orc wizards
  An iguana (D:11)
  Terence (D:3)
  5 worker ants
  A killer bee zombie (D:6)
  A hound zombie (D:7)
  3 hound skeletons
  2 worker ant zombies (D:6)
  Robin (D:2)
  9 gnolls
  7 adders
  3 shadow imps
  An ooze (D:4)
  3 worms
  2 adder skeletons (D:6)
  2 dart slugs (D:1)
  11 leopard geckos
  79 orcs
  4 giant cockroaches
  13 goblins
  11 hobgoblins
  17 jackals
  6 quokkas
  2 bats
  10 frilled lizards
  A goblin skeleton (D:5)
  3 goblin zombies (D:5)
  13 kobolds
  A kobold skeleton (D:5)
  2 kobold zombies (D:5)
  A leopard gecko zombie (D:6)
  3 orc skeletons (D:5)
  2 quokka skeletons
  6 rats
491 creatures vanquished.

Vanquished Creatures (collateral kills)
  An orc warrior (D:9)
  A gnoll (Orc:1)
2 creatures vanquished.

Vanquished Creatures (others)
  5 fungi (Lair:5)
5 creatures vanquished.

Grand Total: 498 creatures vanquished

Notes
Turn   | Place    | Note
-------+----------+-------------------------------------------
     0 | D:1      | KarmaPolice the Vine Stalker Assassin began the quest for
                  | the Orb.
     0 | D:1      | Reached XP level 1. HP: 11/11 MP: 2/2
   357 | D:1      | Reached skill level 5 in Stealth
   357 | D:1      | Reached XP level 2. HP: 5/15 MP: 1/3
   786 | D:1      | Reached XP level 3. HP: 2/18 MP: 1/4
  1876 | D:2      | Gained mutation: Your natural rate of healing is unusually
                  | fast. [Vine Stalker growth]
  1876 | D:2      | Reached XP level 4. HP: 11/23 MP: 2/5
  2406 | D:2      | Noticed Robin
  2574 | D:2      | Killed Robin
  2574 | D:2      | Reached XP level 5. HP: 27/27 MP: 6/6
  2785 | D:3      | Reached skill level 6 in Stealth
  3008 | D:3      | Found a blossoming altar of Fedhas.
  3030 | D:3      | Noticed Terence
  3056 | D:3      | Reached XP level 6. HP: 32/32 MP: 7/7
  3082 | D:3      | Killed Terence
  3250 | D:3      | Noticed Grinder
  3293 | D:4      | Reached skill level 1 in Long Blades
  3589 | D:4      | Reached XP level 7. HP: 27/36 MP: 6/8
  3762 | D:5      | Entered Level 5 of the Dungeon
  3776 | D:5      | Noticed Blork the orc
  3943 | D:5      | Killed Blork the orc
  4001 | D:5      | Noticed Pikel
  4061 | D:5      | Reached skill level 7 in Stealth
  4122 | D:5      | Found a glowing golden altar of the Shining One.
  4151 | D:5      | Reached skill level 1 in Evocations
  4463 | D:5      | Found a shadowy altar of Dithmenos.
  4472 | D:5      | Found a glowing silver altar of Zin.
  4485 | D:5      | Found a bloodstained altar of Trog.
  4493 | D:5      | Found a sacrificial altar of Ru.
  4501 | D:5      | Found an opulent altar of Gozag.
  4511 | D:5      | Found a snail-covered altar of Cheibriados.
  4519 | D:5      | Found an iron altar of Okawaru.
  4732 | D:6      | Found a hazy altar of Hepliaklqana.
  4940 | D:5      | Gained mutation: You have razor-sharp teeth. [Vine Stalker
                  | growth]
  4940 | D:5      | Reached XP level 8. HP: 31/42 MP: 8/10
  5264 | D:6      | Noticed Sigmund
  5277 | D:6      | Killed Sigmund
  5277 | D:6      | Reached skill level 8 in Stealth
  5328 | D:6      | HP: 2/42 [hornet zombie (5)]
  5734 | D:7      | Found a staircase to the Ecumenical Temple.
  5745 | Temple   | Entered the Ecumenical Temple
  5983 | Temple   | Became a worshipper of the Wu Jian Council
  6499 | D:7      | Reached skill level 5 in Fighting
  6499 | D:7      | Reached skill level 5 in Throwing
  6981 | D:7      | Reached XP level 9. HP: 46/47 MP: 9/12
  7174 | D:7      | Reached skill level 9 in Stealth
  7373 | D:8      | Noticed Erica
  7395 | D:8      | Reached * piety under Wu Jian
  7649 | D:8      | Noticed Joseph
  7730 | D:8      | HP: 2/48 [orc warrior/+0 trident (4)]
  8047 | D:8      | Noticed a two-headed ogre
  8050 | D:8      | Killed a two-headed ogre
  8098 | D:8      | Noticed Maurice
  8142 | D:8      | Killed Maurice
  8142 | D:8      | Reached skill level 10 in Stealth
  8142 | D:8      | Reached skill level 5 in Evocations
  8142 | D:8      | Reached XP level 10. HP: 49/53 MP: 11/14
  8789 | D:3      | Killed Grinder
  9449 | D:4      | Killed Pikel
  9781 | D:8      | Killed Erica
  9984 | D:8      | Reached skill level 11 in Stealth
 10728 | D:9      | Reached ** piety under Wu Jian
 10761 | D:9      | Found a staircase to the Orcish Mines.
 11317 | D:9      | Reached XP level 11. HP: 58/58 MP: 16/16
 11384 | D:10     | Entered Level 10 of the Dungeon
 11497 | D:10     | Noticed Nergalle
 11517 | D:10     | Killed Nergalle
 11517 | D:10     | Reached skill level 5 in Long Blades
 11553 | D:10     | Noticed Urug
 11685 | D:10     | Noticed a two-headed ogre
 12263 | Orc:1    | Entered Level 1 of the Orcish Mines
 12572 | Orc:1    | Reached skill level 12 in Stealth
 12574 | Orc:1    | Noticed a cyclops
 12724 | Orc:1    | Reached *** piety under Wu Jian
 12836 | D:9      | Killed a cyclops
 13072 | Orc:1    | Noticed a cyclops
 13138 | Orc:1    | Killed a cyclops
 13174 | Orc:1    | Found Joxki's Antique Weapon Shop.
 13194 | Orc:1    | Noticed an orc knight
 13999 | Orc:1    | Killed an orc knight
 14919 | Orc:2    | Entered Level 2 of the Orcish Mines
 15065 | Orc:2    | Noticed an orc knight
 15192 | D:10     | Reached skill level 1 in Armour
 15429 | D:11     | Noticed a cyan ugly thing
 15625 | D:11     | Noticed a death knight
 15918 | Orc:2    | Found Viaklylabu's Antique Armour Shop.
 15918 | Orc:2    | Noticed an orc knight
 16203 | Orc:1    | Killed an orc knight
 16702 | Orc:1    | Killed an orc knight
 16702 | Orc:1    | Gained mutation: You heal very quickly. [Vine Stalker
                  | growth]
 16702 | Orc:1    | Reached XP level 12. HP: 55/65 MP: 14/19
 16846 | Orc:2    | Reached **** piety under Wu Jian
 16935 | Orc:2    | Found Xywel's Distillery.
 18660 | Orc:2    | Found a roughly hewn altar of Beogh.
 18701 | Orc:2    | Found Cuakiby's Jewellery Emporium.
 18701 | Orc:2    | Found Bucow's Assorted Antiques.
 18715 | Orc:2    | Bought a scroll labeled KIRISYC RAEGY for 23 gold pieces
 18715 | Orc:2    | Bought a scroll of enchant armour for 172 gold pieces
 18715 | Orc:2    | Bought 2 scrolls labeled GUAFUU YFFE for 46 gold pieces
 18715 | Orc:2    | Bought a scroll labeled QAINOU DYWKOPN for 23 gold pieces
 18723 | Orc:2    | Bought a bronze wand for 92 gold pieces
 18803 | Orc:2    | Reached ***** piety under Wu Jian
 18977 | Orc:2    | Found a staircase to the Elven Halls.
 19131 | Orc:2    | Bought a potion of brilliance for 52 gold pieces
 19131 | Orc:2    | Bought a potion of lignification for 39 gold pieces
 19131 | Orc:2    | Bought a potion of curing for 39 gold pieces
 19131 | Orc:2    | Bought a potion of flight for 39 gold pieces
 19183 | Orc:2    | Bought a cursed amulet of inaccuracy for 32 gold pieces
 19319 | D:8      | Killed Joseph
 19526 | D:10     | Killed Urug
 19703 | D:10     | Killed a two-headed ogre
 20011 | D:11     | Found a staircase to the Lair.
 20025 | Lair:1   | Entered Level 1 of the Lair of Beasts
 20025 | Lair:1   | Noticed Harold
 20029 | Lair:1   | Killed Harold
 20133 | Lair:1   | Noticed Gastronok
 20136 | Lair:1   | Got an ancient robe
 20377 | Lair:1   | Reached XP level 13. HP: 66/70 MP: 17/20
 20504 | Lair:1   | Reached skill level 5 in Armour
 21019 | Lair:2   | Found a staircase to the Shoals.
 21444 | Lair:2   | Found a hole to the Spider Nest.
 22021 | Lair:3   | Noticed Rupert
 22336 | Lair:3   | Paralysed by Rupert for 6 turns
 22366 | Lair:3   | Paralysed by Rupert for 4 turns
 22893 | Lair:4   | Reached skill level 10 in Fighting
 23081 | Lair:4   | Reached skill level 10 in Evocations
 24326 | Lair:5   | Slain by a five-headed hydra

Levels and vault maps discovered:
D:1:      ncdulo_watergridlock, layout_basic, minivault_19
D:2:      layout_rooms, first_ration, uniq_robin
D:3:      layout_basic, fedhas_altar_2, uniq_grinder, uniq_terence
D:4:      layout_cave_pools
D:5:      layout_basic, nicolae_tso_besieged_by_evil,
          grunt_temple_overflow_octagram, uniq_pikel, uniq_blork_the_orc
D:6:      layout_loops_ring, overflow_temple_1_default, uniq_sigmund
D:7:      layout_cave_pools, minmay_temple_entry_arrows,
          serial_co_window_serial, co_window_paths_a, co_window_paths_a,
          co_window_of_opportunity_a, co_window_cross_1, co_window_paths_b,
          co_window_corner_a, co_window_of_opportunity_a, co_window_2corner,
          co_window_corner_cb, co_window_cross_3, co_window_paths_c,
          glass_columns_b, glass_columns_b, glass_columns_b
D:8:      wander_river, layout_loops_corners, grunt_ogre_cave,
          serial_bayou_pond_e, uniq_erica, uniq_joseph, uniq_maurice
D:9:      layout_roguey, erik_orc_4, enter_bailey_2
D:10:     layout_basic, uniq_urug, uniq_nergalle
D:11:     layout_irregular_city, grunt_lair_entry_orc_guard_hut, enter_trove_2,
          serial_shops, shop, kb_rosetta
Temple:   nicolae_temple_figure_eight
Lair:1:   layout_chaotic_city, fungi_pond_lemuel, uniq_harold, uniq_gastronok
Lair:2:   layout_big_grid, elwin_shoals_entry_rooms,
          spider_nest_entry_funnel_web
Lair:3:   layout_hall_layers, special_room [special_room_bee],
          beast_lair_carwin_3, serial_bayou_shore_b, uniq_rupert
Lair:4:   layout_cave_pods
Lair:5:   dpeg_oklob_gauntlet, layout_misc_corridors, slime_altar_1,
          lookout_lair_type, grunt_megastairs_4
Orc:1:    layout_caves, serial_shops, shop
Orc:2:    st_orc_town, layout_caves

Skill      XL: |  1  2  3  4  5  6  7  8  9 10 11 12 13 |
---------------+----------------------------------------+-----
Stealth        | 5 6 7 8 10 11 12 | 12.3
Fighting       | 2 3 4 5 6 8 9 10 | 10.4
Short Blades   | 2 3 |  3.0
Throwing       | 2 3 4 5 6 7 8 |  8.6
Long Blades    | 1 2 4 6 8 |  8.2
Evocations     | 2 3 5 6 8 9 10 | 10.3
Armour         | 2 4 6 |  6.6
Dodging        | |  0.7

Action                   |  1- 3 |  4- 6 |  7- 9 | 10-12 | 13-15 || total
-------------------------+-------+-------+-------+-------+-------++-------
Melee: Dagger            |    73 |   203 |   384 |   235 |    28 ||   923
       Bite              |    17 |    57 |   145 |   408 |   172 ||   799
       Falchion          |       |       |    12 |    12 |       ||    24
       Short sword       |       |       |       |   293 |       ||   293
       Demon blade       |       |       |       |   479 |   343 ||   822
       Unarmed           |       |       |       |    10 |       ||    10
       Scimitar          |       |       |       |       |    11 ||    11
Throw: Dart              |    26 |    29 |    22 |    31 |     3 ||   111
       Boomerang         |       |       |    24 |    15 |    21 ||    60
       Stone             |       |       |       |   220 |    20 ||   240
       Throwing net      |       |       |       |     3 |     6 ||     9
       Javelin           |       |       |       |       |     2 ||     2
Invok: Lunge             |       |       |    12 |    73 |    17 ||   102
       Whirlwind         |       |       |       |    16 |    67 ||    83
       Serpent's Lash    |       |       |       |       |     5 ||     5
 Abil: Wall Jump         |       |       |       |     2 |     1 ||     3
Evoke: Wand              |       |       |     3 |    19 |    17 ||    39
  Use: Scroll            |       |       |     7 |     2 |     5 ||    14
       Potion            |       |       |       |     1 |       ||     1
 Stab: Sleeping          |     8 |    10 |    19 |    14 |    20 ||    71
       Distracted        |       |       |     1 |     7 |       ||     8
       Paralysed         |       |       |     1 |       |       ||     1
       Held in net/web   |       |       |       |     1 |     2 ||     3
       Confused          |       |       |       |     1 |       ||     1
  Eat: Chunk             |     2 |     6 |    14 |    31 |    10 ||    63
       Ration            |       |       |       |     3 |     1 ||     4
Armor: Robe              |    21 |    47 |    73 |    99 |       ||   240
       Troll leather arm |       |       |       |    92 |   100 ||   192
Dodge: Dodged            |    47 |   102 |   154 |   446 |   183 ||   932
       Rpst.: Falchion   |       |       |     2 |     1 |       ||     3
       Demon blade       |       |       |       |    64 |    43 ||   107

Table legend:
 A = Non-vault XP
 B = Vault XP
 C = Vault XP percentage of total XP
 D = Non-vault monster count
 E = Vault monster count
 F = Vault count percentage of total count
                 A         B        C        D         E       F
            +---------+---------+-------+---------+---------+-------
      Total |   34590 |   18155 |  34.4 |     366 |     123 |  25.2
            +---------+---------+-------+---------+---------+-------
        D:1 |      68 |      14 |  17.1 |      32 |       7 |  17.9
        D:2 |      80 |      25 |  23.8 |      22 |       6 |  21.4
        D:3 |     210 |     308 |  59.5 |      21 |       2 |   8.7
        D:4 |     231 |     673 |  74.4 |      12 |       1 |   7.7
        D:5 |     455 |     112 |  19.8 |      12 |      12 |  50.0
        D:6 |     615 |     220 |  26.3 |      22 |       1 |   4.3
        D:7 |     911 |       0 |   0.0 |      22 |       0 |   0.0
        D:8 |    2033 |    2041 |  50.1 |      25 |       9 |  26.5
        D:9 |    4134 |     458 |  10.0 |      43 |      13 |  23.2
       D:10 |    2139 |    1931 |  47.4 |      13 |       4 |  23.5
       D:11 |     713 |     273 |  27.7 |       7 |       2 |  22.2
     Lair:1 |    3662 |    1007 |  21.6 |      15 |       1 |   6.2
     Lair:2 |    2880 |    1426 |  33.1 |      13 |       4 |  23.5
     Lair:3 |    1310 |      85 |   6.1 |       5 |       1 |  16.7
     Lair:4 |    9150 |       0 |   0.0 |      36 |       0 |   0.0
     Lair:5 |    2570 |     942 |  26.8 |      14 |       1 |   6.7
      Orc:1 |    1962 |    5295 |  73.0 |      29 |      13 |  31.0
      Orc:2 |    1467 |    3345 |  69.5 |      23 |      46 |  66.7
            +---------+---------+-------+---------+---------+-------
